 Dungeon Crawl Stone Soup version 0.30.0-29-ga12c61a403 (webtiles) character file.

Game seed: 16559335192436299965

25 ChiefBigBeans the Ducker (level 2, -1/23 HPs)
             Began as a Demonspawn Gladiator on June 22, 2023.
             Slain by a hobgoblin (4 damage)
             ... on level 2 of the Dungeon.
             The game lasted 00:02:49 (997 turns).

ChiefBigBeans the Ducker (Demonspawn Gladiator)      Turns: 997, Time: 00:02:50

Health: -1/23      AC:  9    Str: 14    XL:     2   Next: 82%
Magic:  2/2        EV:  7    Int:  9    God:
Gold:   72         SH:  0    Dex: 14    Spells: 1/1 levels left

rFire   . . .        a - +0 trident
rCold   . . .        (no shield)
rNeg    . . .        j - +0 chain mail
rPois   .            (helmet restricted)
rElec   .            (no cloak)
rCorr   .            (no gloves)
SInv    .            k - +0 pair of boots
Will    .....        (no amulet) Stlth
                     (no ring)
HPRegen 0.23/turn    (no ring)
MPRegen 0.08/turn

%: no passive effects
@: no status effects
A: antennae 1
a: no special abilities


You were on level 2 of the Dungeon.
You visited 1 branch of the dungeon, and saw 2 of its levels.

You collected 100 gold pieces.
You spent 28 gold pieces at shops.

Inventory:

Hand Weapons
 a - a +0 trident (weapon)
Armour
 j - a +0 chain mail (worn)
 k - a +0 pair of boots (worn)
Scrolls
 f - 3 scrolls of identify


   Skills:
 + Level 2.5 Fighting
 - Level 2.7 Polearms
 - Level 1.7 Throwing
 + Level 1.1 Armour
 + Level 3.0 Dodging


You had one spell level left.
You didn't know any spells.
Your spell library was empty.

Dungeon Overview and Level Annotations

Branches:
Dungeon (2/15)

Altars:

Shops:
D:1 ?=*

Annotations:
D:2 Jessica


Innate Abilities, Weirdness & Mutations

You have a pair of small antennae on your head.


Message History

The hobgoblin is severely wounded.
You feel sick. The adder barely misses you.
The hobgoblin hits you but does no damage.
The adder bites you but does no damage.
You miss the adder.
You feel sick. The hobgoblin barely misses you.
The adder bites you but does no damage.
The hobgoblin hits you but does no damage.
Jessica casts a spell.
Jessica blinks!
You miss the adder.
You feel sick.
You are no longer poisoned.
The adder bites you but does no damage.
The hobgoblin hits you but does no damage.
The adder closely misses you.
You miss the adder. The adder bites you but does no damage.
The hobgoblin hits you but does no damage.
You hit the adder.
The adder is lightly wounded.
The adder bites you.
You are poisoned.
The adder poisons you!
The hobgoblin hits you but does no damage.
You closely miss the adder.
The adder is lightly wounded.
You feel sick. The adder bites you.
* * * LOW HITPOINT WARNING * * *
The hobgoblin hits you.
* * * LOW HITPOINT WARNING * * *
The adder bites you but does no damage.
You closely miss the hobgoblin.
The hobgoblin is heavily wounded.
You feel sick. The adder bites you but does no damage.
The hobgoblin hits you but does no damage.
The adder bites you but does no damage.
You hit the adder but do no damage.
The adder is lightly wounded.
You feel sick.
You are no longer poisoned.
The hobgoblin hits you.
You die...

.....# .#
...... .#
#.... .#
....##.#
......
#.#.#
#Sg.# #@<#
......@..#
....###.##
.< #.# #?#
#.. ###


You could see an adder, Jessica and a hobgoblin.

Vanquished Creatures
  A gnoll (D:1)
  2 ball pythons (D:1)
  A bat (D:1)
  3 endoplasms
  A hobgoblin (D:1)
  2 quokkas (D:1)
  A frilled lizard (D:1)
  A goblin (D:1)
  A kobold (D:1)
  2 rats (D:1)
15 creatures vanquished.

Notes
Turn   | Place    | Note
-------+----------+-------------------------------------------
     0 | D:1      | ChiefBigBeans the Demonspawn Gladiator began the quest for
                  | the Orb.
     0 | D:1      | Reached XP level 1. HP: 16/16 MP: 1/1
    34 | D:1      | Found Foag's General Store.
   147 | D:1      | Found Syis's Magic Scroll Shop.
   157 | D:1      | Bought a scroll of identify for 28 gold pieces
   260 | D:1      | Found Xaogh's Jewellery Shoppe.
   323 | D:1      | Reached skill level 1 in Armour
   323 | D:1      | Reached skill level 3 in Dodging
   323 | D:1      | Gained mutation: You have a pair of small antennae on your
                  | head. [demonic ancestry]
   323 | D:1      | Reached XP level 2. HP: 23/23 MP: 2/2
   884 | D:1      | Found a faded altar of an unknown god.
   978 | D:2      | Noticed Jessica
   997 | D:2      | Slain by a hobgoblin

Illustrated notes

Levels and vault maps discovered:
D:1:      dpeg_arrival_rooms_with_view, layout_loops_cross,
          shapermc_ecumenical_altar_petra, serial_shops,
          nicolae_shop_window_shopping, shop, nicolae_shop_tiny_waterfront,
          minivault_4
D:2:      layout_loops_cross, basic_altar, uniq_jessica

Skill      XL: |  1 |
---------------+----+-----
Armour         | 1 |  1.1
Dodging        | 3 |  3.0
Fighting       | |  2.5
Polearms       | |  2.7
Throwing       | |  1.7

Action                     || total
---------------------------++-------
  Melee: Trident           ||    66
    Use: Potion            ||     2
         Scroll            ||     1
 Armour: Leather armour    ||     5
         Chain mail        ||    20
  Dodge: Dodged            ||    26
